cohdb
Replays
Latest Replays
All Replays
Popular Replays
Top Player Replays
Match Explorer
How It Works
Community
CoH3 Stats
Reddit
Sign in to upload your games and track your stats! →
Sign in with Steam
Match 43350690
Unlisted
Match 43350690
Overview
Messages
Build Orders
End
Pioneer Squad
Construct Infanterie Kompanie
Selects Breakthrough Battlegroup
Selects Assault Grenadiers
Grenadier Squad
Grenadier Squad
Grenadier Squad
Infanterie Officer Quarters
Selects Breakthrough
Grenadier Squad
Construct Luftwaffe Kompanie
Flak 30 Anti-aircraft Gun Team
Selects Mechanized Assault Group
Mechanized Assault Group
Support Elements
Wirbelwind Flakpanzer
Medical Bunker
Selects Rapid Production
Selects Blitzkrieg
Marder III M Tank Destroyer
Wirbelwind Flakpanzer
Marder III M Tank Destroyer
Jäger Squad
Selects Tiger Heavy Tank
Tiger Heavy Tank
Wirbelwind Flakpanzer
Marder III M Tank Destroyer
JBQuib
Shinshigumi
0
0
Comments
sign in to comment!
No comments posted yet!